Ice Caps vs Falcons

Created - Friday, November 20, 2015 at 01:14

Goals
1 2 3 OT1 SO T
Ice Caps 0 1 0 0 0 1
Falcons 0 1 0 0 1 2
Shots
1 2 3 OT1 SO T
Ice Caps 8 11 5 8 5 32
Falcons 9 13 9 0 5 31

1st period

No Goal

Penalties :
Shawn Thornton (STJ) for Cross-checking (Minor) at 4:24, Drayson Bowman (SPR) for Fighting (Major) at 6:51, B.J. Crombeen (STJ) for Fighting (Major) at 6:51, B.J. Crombeen (STJ) for instigated a fight (Minor) at 6:51, B.J. Crombeen (STJ) for instigated and being the aggresor in a fight (20 Minutes Game Misconduct) at 6:51

2nd period

1. Falcons , Markus Granlund 6 (Freddie Hamilton, Jacob De La Rose) at 3:57
2. Ice Caps , Nick D'Agostino 1 (Nathan Oystrick, Ryan Carter) at 19:32

Penalties :
Vincent LoVerde (SPR) for Boarding (Minor) at 16:09

3rd period

No Goal

Penalties :
Emile Poirier (SPR) for Roughing (Minor) at 1:48, Nathan Beaulieu (SPR) for Hooking (Minor) at 12:35, Duncan Siemens (SPR) for Tripping (Minor) at 19:35

Overtime #1

No Goal

Penalties :
No Penalty

Shootout

Penalty Shot by Patrick Dwyer for Ice Caps - Stopped by Christopher Gibson
Penalty Shot by Markus Granlund for Falcons - Stopped by Jeff Zatkoff
Penalty Shot by Paul Carey for Ice Caps - Stopped by Christopher Gibson
Penalty Shot by Jacob De La Rose for Falcons - Stopped by Jeff Zatkoff
Penalty Shot by Shawn Thornton for Ice Caps - Stopped by Christopher Gibson
Penalty Shot by Freddie Hamilton for Falcons - Stopped by Jeff Zatkoff
Penalty Shot by Chris Conner for Ice Caps - Shot Hit the Post
Penalty Shot by Joey Hishon for Falcons - Stopped by Jeff Zatkoff
Penalty Shot by Bobby Sanguinetti for Ice Caps - Shot Misses the Net
Penalty Shot by Eric Tangradi for Falcons - Goal!

Penalties :
No Penalty

Goalie Stats

Jeff Zatkoff (STJ), 30 saves from 31 shots - (0.968), OTL, 5-3-3, 65:00 minutes
Christopher Gibson (SPR), 31 saves from 32 shots - (0.969), W, 5-3-2, 65:00 minutes

Players Stats for Ice Caps

Player Name              G  A  P  +/- PIM S  H  SB GA TA FO     MP     PP MP  PK MP  
------------------------------------------------------------------------------------
Alex Biega               0  0  0   0  0   0  0  0  0  1  0/0    26:10   3:16   1:59 
Alex Grant               0  0  0   0  0   0  0  0  0  0  0/0     0:43   0:00   0:00 
Andrew Bodnarchuk        0  0  0   0  0   1  4  1  0  1  0/0    24:23   3:25   1:59 
B.J. Crombeen            0  0  0   0  27  0  0  0  0  0  0/0     1:17   0:00   0:00 
Barry Goers              0  0  0   0  0   0  0  0  1  0  0/0    15:38   0:00   0:00 
Bobby Sanguinetti        0  0  0   0  0   2  3  3  1  0  0/0    26:10   3:16   1:59 
Brandon Yip              0  0  0  -1  0   1  3  1  2  1  1/1    18:25   2:34   0:00 
Chris Conner             0  0  0   0  0   8  1  1  3  0  0/0    20:56   2:33   0:00 
Derek Grant              0  0  0   0  0   4  2  0  1  0  4/12   20:14   2:34   0:51 
Kyle MacKinnon           0  0  0   0  0   2  2  0  2  0  1/4    15:27   1:28   0:00 
Nathan Oystrick          0  1  1   0  0   1  0  0  1  1  0/0    15:38   0:00   0:00 
Nick D'Agostino          1  0  1   0  0   2  0  2  0  0  0/0    23:12   3:05   1:59 
Patrick Dwyer            0  0  0   0  0   2  1  3  2  1  1/6    23:07   2:14   1:59 
Paul Carey               0  0  0  -1  0   3  0  0  3  0  0/0    18:15   2:00   0:00 
Ryan Carter              0  1  1   1  0   3  1  1  0  2  4/8    18:58   1:07   2:11 
Shawn Thornton           0  0  0   0  2   2  2  1  2  1  1/3    20:08   2:43   1:47 
Tim Kennedy              0  0  0   0  0   1  4  0  1  0  3/6    19:00   1:10   1:08 
Troy Bodie               0  0  0   1  0   0  1  0  0  1  0/0     8:19   0:20   0:00 

Players Stats for Falcons

Player Name              G  A  P  +/- PIM S  H  SB GA TA FO     MP     PP MP  PK MP  
------------------------------------------------------------------------------------
Brett Bulmer             0  0  0   0  0   0  0  0  0  0  0/0     2:40   0:00   0:13 
Colton Parayko           0  0  0   0  0   2  3  0  1  0  0/0    22:18   1:42   4:33 
Dan Kelly                0  0  0   0  0   0  0  0  0  0  0/0     7:15   0:00   0:00 
Dave Steckel             0  0  0   0  0   0  0  0  0  0  1/1     5:07   0:00   2:48 
Drayson Bowman           0  0  0  -1  5   0  2  0  1  0  1/1    16:03   0:00   0:00 
Duncan Siemens           0  0  0  -1  2   0  0  0  0  0  0/0    16:53   0:00   0:38 
Emile Poirier            0  0  0  -1  2   2  0  0  2  0  1/2    18:58   0:00   1:25 
Eric Tangradi            0  0  0   0  0   3  3  0  1  0  0/1    18:59   2:01   0:00 
Freddie Hamilton         0  1  1   1  0   2  3  1  2  1  0/0    18:07   1:57   0:20 
Greg Rallo               0  0  0   0  0   2  1  0  1  2  0/0    19:48   2:01   0:00 
Jacob De La Rose         0  1  1   1  0   5  4  1  2  0  2/2    22:22   1:57   3:13 
Joey Hishon              0  0  0   0  0   5  0  0  5  0  9/13   19:23   2:01   0:20 
Markus Granlund          1  0  1   1  0   2  0  0  0  1  10/15  22:34   1:57   4:33 
Nathan Beaulieu          0  0  0   0  2   3  1  2  0  1  0/0    27:47   2:16   3:07 
Slater Koekkoek          0  0  0   0  0   0  1  0  0  0  0/0    14:24   0:00   0:00 
Tobias Rieder            0  0  0  -1  0   5  0  0  4  0  1/5    17:09   0:00   1:25 
Ville Pokka              0  0  0   0  0   0  2  0  0  0  0/0    21:33   2:16   3:23 
Vincent LoVerde          0  0  0   1  2   0  1  0  0  1  0/0    20:39   1:42   4:11 

3 Stars

1 - Christopher Gibson (SPR)
2 - Jeff Zatkoff (STJ)
3 - Jacob De La Rose (SPR)

Power Play

Ice Caps - 0 on 4 Attempt(s) - 0.00%
Falcons - 0 on 2 Attempt(s) - 0.00%

Penalty Kill

Ice Caps - 2 on 2 Attempt(s) - 100.00% - Score 0 goal in Penalty Kill
Falcons - 4 on 4 Attempt(s) - 100.00% - Score 0 goal in Penalty Kill

Team Stat

Ice Caps - Hits : 24 - Faceoff Wins : 15 - Blocked Shots : 13 - Penalty Minutes : 29
Falcons - Hits : 21 - Faceoff Wins : 25 - Blocked Shots : 4 - Penalty Minutes : 13

Official

Referees : Unknown
Linesman : Unknown

Game Notes

B.J. Crombeen beats up Drayson Bowman at 6:51 of 1st period
B.J. Crombeen ejected from game at 6:51 of 1st period

Finance

Level 1 -- Attendance: 1512 (75.60%) -- Ticket Income $52,920
Level 2 -- Attendance: 771 (77.10%) -- Ticket Income $11,565
Total Attendance: 2283 (76.10%)
Total Ticket Income: $64,485
Other Income: $31,598
Total Income: $96,083

Ice Caps

5 vs 5 Forward 
   Center                   Left Wing                Right Wing               Time % Phy DF OF 
 1 Ryan Carter              Patrick Dwyer            Shawn Thornton           35     1   2  2  
 2 Derek Grant              B.J. Crombeen            Brandon Yip              30     1   2  2  
 3 Tim Kennedy              Chris Conner             Patrick Dwyer            22     1   2  2  
 4 Kyle MacKinnon           Paul Carey               Shawn Thornton           13     1   2  2  

5 vs 5 Defense 
   Defense                  Defense                                           Time % Phy DF OF 
 1 Alex Biega               Bobby Sanguinetti                                 35     1   2  2  
 2 Andrew Bodnarchuk        Nick D'Agostino                                   30     1   2  2  
 3 Nathan Oystrick          Barry Goers                                       22     1   2  2  
 4 Alex Biega               Bobby Sanguinetti                                 13     1   2  2  

PowerPlay Forward 
   Center                   Left Wing                Right Wing               Time % Phy DF OF 
 1 Chris Conner             Patrick Dwyer            Shawn Thornton           60     1   2  2  
 2 Derek Grant              B.J. Crombeen            Brandon Yip              40     1   2  2  

PowerPlay Defense
   Defense                  Defense                                           Time % Phy DF OF 
 1 Alex Biega               Bobby Sanguinetti                                 60     1   2  2  
 2 Andrew Bodnarchuk        Nick D'Agostino                                   40     1   2  2  

Penalty Kill 4 Players Forward 
   Center                   Wing                     Time % Phy DF OF 
 1 Patrick Dwyer            Ryan Carter              60     1   2  2  
 2 Shawn Thornton           B.J. Crombeen            40     1   2  2  

Penalty Kill 4 Players Defense
   Defense                  Defense                  Time % Phy DF OF 
 1 Alex Biega               Bobby Sanguinetti        60     1   2  2  
 2 Andrew Bodnarchuk        Nick D'Agostino          40     1   2  2  

Penalty Kill - 3 Players Forward 
   Forward                                           Time % Phy DF OF 
 1 Patrick Dwyer                                     60     1   2  2  
 2 Shawn Thornton                                    40     1   2  2  

Penalty Kill - 3 Players Defense
   Defense                  Defense                  Time % Phy DF OF 
 1 Alex Biega               Bobby Sanguinetti        60     1   2  2  
 2 Andrew Bodnarchuk        Nick D'Agostino          40     1   2  2  

4 vs 4 Forward 
   Center                   Wing                     Time % Phy DF OF 
 1 Patrick Dwyer            Chris Conner             60     1   2  2  
 2 Shawn Thornton           B.J. Crombeen            40     1   2  2  

4 vs 4 Defense
   Defense                  Defense                  Time % Phy DF OF 
 1 Alex Biega               Bobby Sanguinetti        60     1   2  2  
 2 Andrew Bodnarchuk        Nick D'Agostino          40     1   2  2  

Last Minutes Offensive
   Center                   Left Wing                Right Wing               Defense                  Defense                  
   Ryan Carter              Patrick Dwyer            Shawn Thornton           Alex Biega               Bobby Sanguinetti        

Last Minutes Defensive
   Center                   Left Wing                Right Wing               Defense                  Defense                  
   Ryan Carter              Patrick Dwyer            Shawn Thornton           Alex Biega               Bobby Sanguinetti        

Goaltenders
Starting : Jeff Zatkoff             
Backup : Scott Greenham           

Extra Forwards
Normal : Chris Conner, Paul Carey, Tim Kennedy - PP : Chris Conner, Paul Carey - PK : Tim Kennedy
Extra Defensemen
Normal : Nathan Oystrick, Barry Goers, Andrew Bodnarchuk - PP : Nathan Oystrick - PK : Barry Goers, Andrew Bodnarchuk
Penalty Shots
Patrick Dwyer, Paul Carey, Shawn Thornton, B.J. Crombeen, Chris Conner

Falcons

5 vs 5 Forward 
   Center                   Left Wing                Right Wing               Time % Phy DF OF 
 1 Markus Granlund          Jacob De La Rose         Freddie Hamilton         35     1   2  2  
 2 Joey Hishon              Eric Tangradi            Greg Rallo               30     1   2  2  
 3 Tobias Rieder            Drayson Bowman           Emile Poirier            22     1   2  2  
 4 Jacob De La Rose         Freddie Hamilton         Markus Granlund          13     1   2  2  

5 vs 5 Defense 
   Defense                  Defense                                           Time % Phy DF OF 
 1 Nathan Beaulieu          Ville Pokka                                       35     1   2  2  
 2 Vincent LoVerde          Colton Parayko                                    30     1   2  2  
 3 Slater Koekkoek          Duncan Siemens                                    22     1   2  2  
 4 Dan Kelly                Nathan Beaulieu                                   13     1   2  2  

PowerPlay Forward 
   Center                   Left Wing                Right Wing               Time % Phy DF OF 
 1 Markus Granlund          Jacob De La Rose         Freddie Hamilton         60     1   2  2  
 2 Joey Hishon              Eric Tangradi            Greg Rallo               40     1   2  2  

PowerPlay Defense
   Defense                  Defense                                           Time % Phy DF OF 
 1 Nathan Beaulieu          Ville Pokka                                       60     1   2  2  
 2 Vincent LoVerde          Colton Parayko                                    40     1   2  2  

Penalty Kill 4 Players Forward 
   Center                   Wing                     Time % Phy DF OF 
 1 Markus Granlund          Jacob De La Rose         60     1   2  2  
 2 Freddie Hamilton         Joey Hishon              40     1   2  2  

Penalty Kill 4 Players Defense
   Defense                  Defense                  Time % Phy DF OF 
 1 Nathan Beaulieu          Ville Pokka              60     1   2  2  
 2 Vincent LoVerde          Colton Parayko           40     1   2  2  

Penalty Kill - 3 Players Forward 
   Forward                                           Time % Phy DF OF 
 1 Markus Granlund                                   60     1   2  2  
 2 Jacob De La Rose                                  40     1   2  2  

Penalty Kill - 3 Players Defense
   Defense                  Defense                  Time % Phy DF OF 
 1 Nathan Beaulieu          Ville Pokka              60     1   2  2  
 2 Vincent LoVerde          Colton Parayko           40     1   2  2  

4 vs 4 Forward 
   Center                   Wing                     Time % Phy DF OF 
 1 Markus Granlund          Jacob De La Rose         60     1   2  2  
 2 Freddie Hamilton         Joey Hishon              40     1   2  2  

4 vs 4 Defense
   Defense                  Defense                  Time % Phy DF OF 
 1 Nathan Beaulieu          Ville Pokka              60     1   2  2  
 2 Vincent LoVerde          Colton Parayko           40     1   2  2  

Last Minutes Offensive
   Center                   Left Wing                Right Wing               Defense                  Defense                  
   Markus Granlund          Jacob De La Rose         Freddie Hamilton         Nathan Beaulieu          Ville Pokka              

Last Minutes Defensive
   Center                   Left Wing                Right Wing               Defense                  Defense                  
   Markus Granlund          Jacob De La Rose         Freddie Hamilton         Nathan Beaulieu          Ville Pokka              

Goaltenders
Starting : Christopher Gibson       
Backup : Malcolm Subban           

Extra Forwards
Normal : Drayson Bowman, Markus Granlund, Emile Poirier - PP : Drayson Bowman, Jacob De La Rose - PK : Emile Poirier
Extra Defensemen
Normal : Slater Koekkoek, Duncan Siemens, Dan Kelly - PP : Slater Koekkoek - PK : Duncan Siemens, Dan Kelly
Penalty Shots
Markus Granlund, Jacob De La Rose, Freddie Hamilton, Joey Hishon, Eric Tangradi

% Time on Ice - Ice Caps

Lines # - Real PCT - Wanted PCT - Time Play
Normal Forward
1 - 23% - 35% - 11:34
2 - 51% - 30% - 25:30
3 - 8% - 22% - 4:06
4 - 17% - 13% - 8:31
Normal Defense
1 - 30% - 35% - 14:45
2 - 32% - 30% - 15:55
3 - 31% - 22% - 15:38
4 - 7% - 13% - 3:23
PP Forward
1 - 24% - 60% - 1:30
2 - 76% - 40% - 4:51
PP Defense
1 - 51% - 60% - 3:16
2 - 49% - 40% - 3:05
PK Forward
1 - 55% - 60% - 2:11
2 - 45% - 40% - 1:47
PK Defense
1 - 50% - 60% - 1:59
2 - 50% - 40% - 1:59
PK3 Forward
1 - 0% - 60%
2 - 0% - 40%
PK3 Defense
1 - 0% - 60%
2 - 0% - 40%
44 Forward
1 - 92% - 60% - 4:36
2 - 8% - 40% - 0:24
44 Defense
1 - 56% - 60% - 2:47
2 - 44% - 40% - 2:13
Last Minute Offensive  - 0:00
Last Minute Defensive  - 0:00
Total
Forward - 65:00
Defense - 65:00

% Time on Ice - Falcons

Lines # - Real PCT - Wanted PCT - Time Play
Normal Forward
1 - 29% - 35% - 14:36
2 - 35% - 30% - 17:27
3 - 33% - 22% - 16:12
4 - 3% - 13% - 1:26
Normal Defense
1 - 29% - 35% - 14:13
2 - 29% - 30% - 14:19
3 - 28% - 22% - 13:54
4 - 15% - 13% - 7:15
PP Forward
1 - 49% - 60% - 1:57
2 - 51% - 40% - 2:01
PP Defense
1 - 57% - 60% - 2:16
2 - 43% - 40% - 1:42
PK Forward
1 - 95% - 60% - 6:01
2 - 5% - 40% - 0:20
PK Defense
1 - 33% - 60% - 2:05
2 - 67% - 40% - 4:16
PK3 Forward
1 - 100% - 60% - 1:35
2 - 0% - 40% - 0:00
PK3 Defense
1 - 82% - 60% - 1:18
2 - 18% - 40% - 0:17
44 Forward
1 - 100% - 60% - 3:25
2 - 0% - 40% - 0:00
44 Defense
1 - 49% - 60% - 1:41
2 - 51% - 40% - 1:44
Last Minute Offensive  - 0:00
Last Minute Defensive  - 0:00
Total
Forward - 65:00
Defense - 65:00

Play by Play

1st period


0:01 of 1st period - Markus Granlund wins face-off versus Ryan Carter in neutral zone.
0:37 of 1st period - Slapshot by Shawn Thornton.
0:37 of 1st period - Stopped by Christopher Gibson without a rebound.
0:38 of 1st period - Joey Hishon wins face-off versus Derek Grant in Falcons zone.
0:38 of 1st period - Joey Hishon is hit by Brandon Yip.
0:48 of 1st period - Wrist shot by Joey Hishon.
0:48 of 1st period - Shot Misses the Net.
1:43 of 1st period - Slapshot by Tobias Rieder.
1:43 of 1st period - Stopped by Jeff Zatkoff with a rebound.
1:49 of 1st period - Duncan Siemens is hit by Andrew Bodnarchuk and loses puck.
2:28 of 1st period - Snap shot by Shawn Thornton.
2:28 of 1st period - Deflect By Kyle MacKinnon.
2:28 of 1st period - Shot Misses the Net.
2:28 of 1st period - Puck is out of play.
2:29 of 1st period - Markus Granlund wins face-off versus Derek Grant in Falcons zone.
3:37 of 1st period - Snap shot by Eric Tangradi.
3:37 of 1st period - Shot Misses the Net.
4:07 of 1st period - Icing by Nathan Oystrick.
4:08 of 1st period - Kyle MacKinnon wins face-off versus Tobias Rieder in Ice Caps zone.
4:13 of 1st period - Snap shot by Shawn Thornton.
4:13 of 1st period - Stopped by Christopher Gibson with a rebound.
4:24 of 1st period - Minor Penalty to Shawn Thornton for Cross-checking.
4:25 of 1st period - Patrick Dwyer wins face-off versus Eric Tangradi in Ice Caps zone.
4:45 of 1st period - Slapshot by Nathan Beaulieu.
4:45 of 1st period - Deflect By Joey Hishon.
4:45 of 1st period - Shot Misses the Net.
4:45 of 1st period - Puck is out of play.
4:46 of 1st period - Markus Granlund wins face-off versus Patrick Dwyer in Ice Caps zone.
5:23 of 1st period - Slapshot by Joey Hishon.
5:23 of 1st period - Shot Misses the Net.
5:25 of 1st period - Slapshot by Joey Hishon.
5:25 of 1st period - Stopped by Jeff Zatkoff with a rebound.
5:27 of 1st period - Slapshot by Colton Parayko.
5:27 of 1st period - Shot Misses the Net.
5:29 of 1st period - Wrist shot by Greg Rallo.
5:29 of 1st period - Stopped by Jeff Zatkoff with a rebound.
5:31 of 1st period - Slapshot by Eric Tangradi.
5:31 of 1st period - Stopped by Jeff Zatkoff with a rebound.
5:33 of 1st period - Wrist shot by Greg Rallo.
5:33 of 1st period - Shot Blocked by Patrick Dwyer.
5:35 of 1st period - Slapshot by Nathan Beaulieu.
5:35 of 1st period - Stopped by Jeff Zatkoff with a rebound.
6:24 of 1st period - Penalty to Shawn Thornton is over, Shawn Thornton is back on ice.
6:28 of 1st period - Snap shot by Joey Hishon.
6:28 of 1st period - Stopped by Jeff Zatkoff with a rebound.
6:30 of 1st period - Slapshot by Vincent LoVerde.
6:30 of 1st period - Shot Blocked by Ryan Carter.
6:32 of 1st period - Snap shot by Eric Tangradi.
6:32 of 1st period - Shot Blocked by Bobby Sanguinetti.
6:34 of 1st period - Wrist shot by Joey Hishon.
6:34 of 1st period - Shot Misses the Net.
6:51 of 1st period - B.J. Crombeen beats up Drayson Bowman.
6:51 of 1st period - Penalty to Drayson Bowman for Fighting.
6:51 of 1st period - Penalty to B.J. Crombeen for Fighting.
6:51 of 1st period - Penalty to B.J. Crombeen for instigated a fight.
6:51 of 1st period - Penalty to B.J. Crombeen for instigated and being the aggresor in a fight.
6:51 of 1st period - B.J. Crombeen is ejected from game.
6:52 of 1st period - Jacob De La Rose wins face-off versus Shawn Thornton in Ice Caps zone.
7:00 of 1st period - Icing by Jacob De La Rose.
7:01 of 1st period - Markus Granlund wins face-off versus Shawn Thornton in Falcons zone.
7:15 of 1st period - Snap shot by Jacob De La Rose.
7:15 of 1st period - Shot Misses the Net.
7:17 of 1st period - Snap shot by Nathan Beaulieu.
7:17 of 1st period - Shot Misses the Net.
7:29 of 1st period - Andrew Bodnarchuk is hit by Nathan Beaulieu and loses puck.
7:52 of 1st period - Wrist shot by Greg Rallo.
7:52 of 1st period - Shot Blocked by Shawn Thornton.
8:51 of 1st period - Penalty to B.J. Crombeen is over, Troy Bodie is send on ice.
8:51 of 1st period - Freddie Hamilton is hit by Shawn Thornton and loses puck.
10:15 of 1st period - Snap shot by Kyle MacKinnon.
10:15 of 1st period - Stopped by Christopher Gibson with a rebound.
10:17 of 1st period - Wrist shot by Kyle MacKinnon.
10:17 of 1st period - Stopped by Christopher Gibson with a rebound.
10:39 of 1st period - Chris Conner is hit by Slater Koekkoek and loses puck.
10:50 of 1st period - Wrist shot by Nathan Oystrick.
10:50 of 1st period - Shot Misses the Net.
11:06 of 1st period - Wrist shot by Joey Hishon.
11:06 of 1st period - Deflect By Eric Tangradi.
11:06 of 1st period - Shot Blocked by Chris Conner.
11:06 of 1st period - Puck is out of play.
11:07 of 1st period - Joey Hishon wins face-off versus Kyle MacKinnon in Ice Caps zone.
11:16 of 1st period - Snap shot by Joey Hishon.
11:16 of 1st period - Stopped by Jeff Zatkoff with a rebound.
12:57 of 1st period - Colton Parayko is hit by Bobby Sanguinetti and loses puck.
13:06 of 1st period - Wrist shot by Joey Hishon.
13:06 of 1st period - Deflect By Greg Rallo.
13:06 of 1st period - Shot Misses the Net.
13:06 of 1st period - Puck is out of play.
13:07 of 1st period - Ryan Carter wins face-off versus Joey Hishon in Ice Caps zone.
14:02 of 1st period - Snap shot by Freddie Hamilton.
14:02 of 1st period - Stopped by Jeff Zatkoff with a rebound.
15:03 of 1st period - Snap shot by Chris Conner.
15:03 of 1st period - Stopped by Christopher Gibson without a rebound.
15:04 of 1st period - Markus Granlund wins face-off versus Derek Grant in Falcons zone.
15:33 of 1st period - Jacob De La Rose is hit by Bobby Sanguinetti and loses puck.
15:38 of 1st period - Wrist shot by Chris Conner.
15:38 of 1st period - Shot Hit the Post.
15:50 of 1st period - Slapshot by Ryan Carter.
15:50 of 1st period - Shot Misses the Net.
15:52 of 1st period - Wrist shot by Ryan Carter.
15:52 of 1st period - Stopped by Christopher Gibson without a rebound.
15:53 of 1st period - Tobias Rieder wins face-off versus Ryan Carter in Falcons zone.
16:26 of 1st period - Bobby Sanguinetti is hit by Eric Tangradi and loses puck.
17:15 of 1st period - Tobias Rieder is hit by Kyle MacKinnon and loses puck.
17:43 of 1st period - Snap shot by Eric Tangradi.
17:43 of 1st period - Shot Misses the Net.
17:45 of 1st period - Wrist shot by Eric Tangradi.
17:45 of 1st period - Shot Misses the Net.
17:47 of 1st period - Backhand shot by Eric Tangradi.
17:47 of 1st period - Stopped by Jeff Zatkoff with a rebound.
18:16 of 1st period - Wrist shot by Paul Carey.
18:16 of 1st period - Shot Misses the Net.
18:18 of 1st period - Slapshot by Bobby Sanguinetti.
18:18 of 1st period - Stopped by Christopher Gibson with a rebound.
18:20 of 1st period - Wrist shot by Paul Carey.
18:20 of 1st period - Stopped by Christopher Gibson without a rebound.
18:21 of 1st period - Joey Hishon wins face-off versus Derek Grant in Falcons zone.
18:34 of 1st period - Snap shot by Joey Hishon.
18:34 of 1st period - Deflect By Bobby Sanguinetti.
18:34 of 1st period - Shot Blocked by Bobby Sanguinetti.
18:34 of 1st period - Puck is out of play.
18:35 of 1st period - Joey Hishon wins face-off versus Tim Kennedy in Ice Caps zone.
18:47 of 1st period - Icing by Patrick Dwyer.
18:48 of 1st period - Tim Kennedy wins face-off versus Tobias Rieder in Ice Caps zone.
Goals for this period are 0 for Ice Caps vs 0 for Falcons.
Shots for this period are 8 for Ice Caps vs 9 for Falcons.

2nd period


0:01 of 2nd period - Markus Granlund wins face-off versus Ryan Carter in neutral zone.
0:36 of 2nd period - Off-side.
0:37 of 2nd period - Joey Hishon wins face-off versus Derek Grant in neutral zone.
0:56 of 2nd period - Snap shot by Brandon Yip.
0:56 of 2nd period - Shot Misses the Net.
0:58 of 2nd period - Wrist shot by Chris Conner.
0:58 of 2nd period - Stopped by Christopher Gibson with a rebound.
1:00 of 2nd period - Wrist shot by Chris Conner.
1:00 of 2nd period - Shot Misses the Net.
1:02 of 2nd period - Snap shot by Derek Grant.
1:02 of 2nd period - Stopped by Christopher Gibson with a rebound.
1:04 of 2nd period - Backhand shot by Brandon Yip.
1:04 of 2nd period - Stopped by Christopher Gibson with a rebound.
1:06 of 2nd period - Wrist shot by Nick D'Agostino.
1:06 of 2nd period - Stopped by Christopher Gibson with a rebound.
1:08 of 2nd period - Slapshot by Chris Conner.
1:08 of 2nd period - Shot Misses the Net.
1:26 of 2nd period - Slapshot by Tobias Rieder.
1:26 of 2nd period - Stopped by Jeff Zatkoff with a rebound.
1:28 of 2nd period - Slapshot by Nathan Beaulieu.
1:28 of 2nd period - Stopped by Jeff Zatkoff with a rebound.
1:30 of 2nd period - Slapshot by Nathan Beaulieu.
1:30 of 2nd period - Shot Blocked by Nick D'Agostino.
1:34 of 2nd period - Snap shot by Tobias Rieder.
1:34 of 2nd period - Shot Misses the Net.
1:46 of 2nd period - Snap shot by Tobias Rieder.
1:46 of 2nd period - Stopped by Jeff Zatkoff without a rebound.
1:47 of 2nd period - Markus Granlund wins face-off versus Tim Kennedy in Ice Caps zone.
1:51 of 2nd period - 10 Minutes Misconduct Penalty to B.J. Crombeen is over.
2:08 of 2nd period - Slapshot by Freddie Hamilton.
2:08 of 2nd period - Shot Misses the Net.
2:52 of 2nd period - Wrist shot by Brandon Yip.
2:52 of 2nd period - Shot Misses the Net.
2:54 of 2nd period - Snap shot by Barry Goers.
2:54 of 2nd period - Shot Misses the Net.
2:56 of 2nd period - Snap shot by Derek Grant.
2:56 of 2nd period - Stopped by Christopher Gibson without a rebound.
2:57 of 2nd period - Shawn Thornton wins face-off versus Tobias Rieder in Falcons zone.
3:00 of 2nd period - Wrist shot by Shawn Thornton.
3:00 of 2nd period - Shot Blocked by Nathan Beaulieu.
3:04 of 2nd period - Snap shot by Ryan Carter.
3:04 of 2nd period - Shot Misses the Net.
3:10 of 2nd period - Snap shot by Shawn Thornton.
3:10 of 2nd period - Shot Misses the Net.
3:28 of 2nd period - Nick D'Agostino is hit by Drayson Bowman and loses puck.
3:46 of 2nd period - Andrew Bodnarchuk is hit by Vincent LoVerde and loses puck.
3:55 of 2nd period - Slapshot by Freddie Hamilton.
3:55 of 2nd period - Shot Misses the Net.
3:57 of 2nd period - Snap shot by Markus Granlund.
3:57 of 2nd period - Goal by Markus Granlund - Ice Caps : 0 - Falcons : 1.
3:58 of 2nd period - Joey Hishon wins face-off versus Ryan Carter in neutral zone.
4:01 of 2nd period - Patrick Dwyer is hit by Eric Tangradi and loses puck.
4:16 of 2nd period - Snap shot by Greg Rallo.
4:16 of 2nd period - Stopped by Jeff Zatkoff without a rebound.
4:17 of 2nd period - Ryan Carter wins face-off versus Joey Hishon in Ice Caps zone.
4:34 of 2nd period - Snap shot by Joey Hishon.
4:34 of 2nd period - Stopped by Jeff Zatkoff with a rebound.
4:36 of 2nd period - Snap shot by Joey Hishon.
4:36 of 2nd period - Shot Misses the Net.
4:38 of 2nd period - Snap shot by Nathan Beaulieu.
4:38 of 2nd period - Stopped by Jeff Zatkoff with a rebound.
5:00 of 2nd period - Snap shot by Jacob De La Rose.
5:00 of 2nd period - Stopped by Jeff Zatkoff with a rebound.
5:02 of 2nd period - Backhand shot by Jacob De La Rose.
5:02 of 2nd period - Shot Blocked by Patrick Dwyer.
5:04 of 2nd period - Slapshot by Colton Parayko.
5:04 of 2nd period - Shot Blocked by Patrick Dwyer.
5:08 of 2nd period - Backhand shot by Markus Granlund.
5:08 of 2nd period - Stopped by Jeff Zatkoff with a rebound.
5:14 of 2nd period - Wrist shot by Jacob De La Rose.
5:14 of 2nd period - Stopped by Jeff Zatkoff with a rebound.
5:16 of 2nd period - Slapshot by Colton Parayko.
5:16 of 2nd period - Stopped by Jeff Zatkoff with a rebound.
6:57 of 2nd period - Wrist shot by Chris Conner.
6:57 of 2nd period - Stopped by Christopher Gibson with a rebound.
6:59 of 2nd period - Wrist shot by Chris Conner.
6:59 of 2nd period - Stopped by Christopher Gibson with a rebound.
7:01 of 2nd period - Snap shot by Brandon Yip.
7:01 of 2nd period - Shot Misses the Net.
7:03 of 2nd period - Snap shot by Derek Grant.
7:03 of 2nd period - Stopped by Christopher Gibson with a rebound.
8:07 of 2nd period - Jacob De La Rose is hit by Tim Kennedy and loses puck.
8:44 of 2nd period - Andrew Bodnarchuk is hit by Ville Pokka and loses puck.
9:19 of 2nd period - Snap shot by Emile Poirier.
9:19 of 2nd period - Stopped by Jeff Zatkoff with a rebound.
9:29 of 2nd period - Icing by Nathan Oystrick.
9:30 of 2nd period - Tim Kennedy wins face-off versus Tobias Rieder in Ice Caps zone.
9:43 of 2nd period - Troy Bodie is hit by Colton Parayko and loses puck.
10:09 of 2nd period - Drayson Bowman is hit by Ryan Carter and loses puck.
10:27 of 2nd period - Icing by Derek Grant.
10:28 of 2nd period - Derek Grant wins face-off versus Joey Hishon in Ice Caps zone.
10:44 of 2nd period - Joey Hishon is hit by Brandon Yip and loses puck.
11:11 of 2nd period - Shawn Thornton is hit by Jacob De La Rose and loses puck.
11:34 of 2nd period - Snap shot by Jacob De La Rose.
11:34 of 2nd period - Stopped by Jeff Zatkoff without a rebound.
11:35 of 2nd period - Jacob De La Rose wins face-off versus Kyle MacKinnon in Ice Caps zone.
11:58 of 2nd period - Snap shot by Drayson Bowman.
11:58 of 2nd period - Shot Misses the Net.
12:42 of 2nd period - Nick D'Agostino is hit by Jacob De La Rose and loses puck.
12:49 of 2nd period - Jacob De La Rose is hit by Kyle MacKinnon.
13:07 of 2nd period - Colton Parayko is hit by Tim Kennedy and loses puck.
13:58 of 2nd period - Wrist shot by Chris Conner.
13:58 of 2nd period - Deflect By Tim Kennedy.
13:58 of 2nd period - Shot Misses the Net.
13:58 of 2nd period - Puck is out of play.
13:59 of 2nd period - Joey Hishon wins face-off versus Tim Kennedy in Falcons zone.
14:52 of 2nd period - Nathan Oystrick is hit by Freddie Hamilton and loses puck.
16:09 of 2nd period - Minor Penalty to Vincent LoVerde for Boarding.
16:10 of 2nd period - Brandon Yip wins face-off versus Markus Granlund in Falcons zone.
17:23 of 2nd period - Nathan Beaulieu is hit by Bobby Sanguinetti and loses puck.
17:45 of 2nd period - Shawn Thornton is hit by Jacob De La Rose and loses puck.
18:02 of 2nd period - Markus Granlund is hit by Tim Kennedy and loses puck.
18:09 of 2nd period - Penalty to Vincent LoVerde is over, Vincent LoVerde is back on ice.
19:28 of 2nd period - Wrist shot by Ryan Carter.
19:28 of 2nd period - Stopped by Christopher Gibson with a rebound.
19:30 of 2nd period - Slapshot by Nathan Oystrick.
19:30 of 2nd period - Stopped by Christopher Gibson with a rebound.
19:32 of 2nd period - Slapshot by Nick D'Agostino.
19:32 of 2nd period - Goal by Nick D'Agostino - Ice Caps : 1 - Falcons : 1.
19:33 of 2nd period - Joey Hishon wins face-off versus Derek Grant in neutral zone.
Goals for this period are 1 for Ice Caps vs 1 for Falcons.
Shots for this period are 11 for Ice Caps vs 13 for Falcons.

3rd period


0:01 of 3rd period - Ryan Carter wins face-off versus Markus Granlund in neutral zone.
0:20 of 3rd period - Snap shot by Jacob De La Rose.
0:20 of 3rd period - Stopped by Jeff Zatkoff with a rebound.
1:48 of 3rd period - Minor Penalty to Emile Poirier for Roughing.
1:49 of 3rd period - Markus Granlund wins face-off versus Derek Grant in Falcons zone.
1:49 of 3rd period - Markus Granlund is hit by Brandon Yip.
2:09 of 3rd period - Snap shot by Chris Conner.
2:09 of 3rd period - Stopped by Christopher Gibson with a rebound.
2:45 of 3rd period - Andrew Bodnarchuk is hit by Colton Parayko.
3:05 of 3rd period - Nick D'Agostino is hit by Jacob De La Rose and loses puck.
3:34 of 3rd period - Bobby Sanguinetti is hit by Freddie Hamilton and loses puck.
3:48 of 3rd period - Penalty to Emile Poirier is over, Emile Poirier is back on ice.
3:59 of 3rd period - Slapshot by Joey Hishon.
3:59 of 3rd period - Stopped by Jeff Zatkoff with a rebound.
4:01 of 3rd period - Snap shot by Joey Hishon.
4:01 of 3rd period - Shot Misses the Net.
5:09 of 3rd period - Ryan Carter is hit by Greg Rallo.
5:29 of 3rd period - Snap shot by Tobias Rieder.
5:29 of 3rd period - Shot Hit the Post.
5:31 of 3rd period - Backhand shot by Tobias Rieder.
5:31 of 3rd period - Stopped by Jeff Zatkoff with a rebound.
5:33 of 3rd period - Slapshot by Nathan Beaulieu.
5:33 of 3rd period - Shot Misses the Net.
5:35 of 3rd period - Snap shot by Tobias Rieder.
5:35 of 3rd period - Shot Misses the Net.
5:49 of 3rd period - Patrick Dwyer is hit by Eric Tangradi and loses puck.
5:58 of 3rd period - Slapshot by Nathan Beaulieu.
5:58 of 3rd period - Deflect By Eric Tangradi.
5:58 of 3rd period - Stopped by Jeff Zatkoff with a rebound.
6:14 of 3rd period - Nick D'Agostino is hit by Freddie Hamilton and loses puck.
6:56 of 3rd period - Paul Carey is hit by Drayson Bowman and loses puck.
7:17 of 3rd period - Slapshot by Joey Hishon.
7:17 of 3rd period - Shot Misses the Net.
7:23 of 3rd period - Eric Tangradi is hit by Derek Grant and loses puck.
7:48 of 3rd period - Wrist shot by Chris Conner.
7:48 of 3rd period - Stopped by Christopher Gibson with a rebound.
7:50 of 3rd period - Wrist shot by Derek Grant.
7:50 of 3rd period - Stopped by Christopher Gibson with a rebound.
8:39 of 3rd period - Wrist shot by Tobias Rieder.
8:39 of 3rd period - Stopped by Jeff Zatkoff with a rebound.
8:51 of 3rd period - Andrew Bodnarchuk is hit by Ville Pokka and loses puck.
10:28 of 3rd period - Snap shot by Emile Poirier.
10:28 of 3rd period - Stopped by Jeff Zatkoff with a rebound.
10:30 of 3rd period - Slapshot by Emile Poirier.
10:30 of 3rd period - Shot Misses the Net.
10:32 of 3rd period - Backhand shot by Colton Parayko.
10:32 of 3rd period - Stopped by Jeff Zatkoff without a rebound.
10:33 of 3rd period - Derek Grant wins face-off versus Joey Hishon in Ice Caps zone.
10:55 of 3rd period - Wrist shot by Jacob De La Rose.
10:55 of 3rd period - Stopped by Jeff Zatkoff with a rebound.
11:21 of 3rd period - Colton Parayko is hit by Andrew Bodnarchuk and loses puck.
12:35 of 3rd period - Minor Penalty to Nathan Beaulieu for Hooking.
12:36 of 3rd period - Derek Grant wins face-off versus Markus Granlund in Falcons zone.
12:37 of 3rd period - Snap shot by Chris Conner.
12:37 of 3rd period - Shot Misses the Net.
12:39 of 3rd period - Wrist shot by Chris Conner.
12:39 of 3rd period - Shot Blocked by Jacob De La Rose.
12:41 of 3rd period - Snap shot by Chris Conner.
12:41 of 3rd period - Shot Misses the Net.
13:03 of 3rd period - Colton Parayko is hit by Andrew Bodnarchuk and loses puck.
14:04 of 3rd period - Colton Parayko is hit by Shawn Thornton and loses puck.
14:18 of 3rd period - Icing by Shawn Thornton.
14:19 of 3rd period - Tim Kennedy wins face-off versus Markus Granlund in Ice Caps zone.
14:35 of 3rd period - Penalty to Nathan Beaulieu is over, Nathan Beaulieu is back on ice.
14:48 of 3rd period - Eric Tangradi is hit by Chris Conner and loses puck.
15:10 of 3rd period - Snap shot by Jacob De La Rose.
15:10 of 3rd period - Shot Misses the Net.
15:12 of 3rd period - Snap shot by Freddie Hamilton.
15:12 of 3rd period - Stopped by Jeff Zatkoff with a rebound.
15:14 of 3rd period - Snap shot by Freddie Hamilton.
15:14 of 3rd period - Shot Misses the Net.
15:16 of 3rd period - Snap shot by Markus Granlund.
15:16 of 3rd period - Deflect By Bobby Sanguinetti.
15:16 of 3rd period - Shot Blocked by Brandon Yip.
15:16 of 3rd period - Puck is out of play.
15:17 of 3rd period - Ryan Carter wins face-off versus Markus Granlund in Ice Caps zone.
15:26 of 3rd period - Snap shot by Ryan Carter.
15:26 of 3rd period - Shot Blocked by Nathan Beaulieu.
15:36 of 3rd period - Snap shot by Ryan Carter.
15:36 of 3rd period - Stopped by Christopher Gibson with a rebound.
15:46 of 3rd period - Snap shot by Paul Carey.
15:46 of 3rd period - Shot Misses the Net.
15:48 of 3rd period - Wrist shot by Paul Carey.
15:48 of 3rd period - Stopped by Christopher Gibson with a rebound.
15:50 of 3rd period - Snap shot by Paul Carey.
15:50 of 3rd period - Deflect By Kyle MacKinnon.
15:50 of 3rd period - Shot Blocked by Freddie Hamilton.
15:50 of 3rd period - Puck is out of play.
15:51 of 3rd period - Joey Hishon wins face-off versus Kyle MacKinnon in Falcons zone.
16:12 of 3rd period - Snap shot by Eric Tangradi.
16:12 of 3rd period - Shot Blocked by Andrew Bodnarchuk.
16:16 of 3rd period - Snap shot by Joey Hishon.
16:16 of 3rd period - Shot Blocked by Nick D'Agostino.
17:01 of 3rd period - Greg Rallo is hit by Derek Grant and loses puck.
18:31 of 3rd period - Markus Granlund is hit by Troy Bodie and loses puck.
18:58 of 3rd period - Joey Hishon is hit by Andrew Bodnarchuk and loses puck.
19:35 of 3rd period - Minor Penalty to Duncan Siemens for Tripping.
19:36 of 3rd period - Emile Poirier wins face-off versus Derek Grant in Falcons zone.
19:41 of 3rd period - Icing by Chris Conner.
19:42 of 3rd period - Derek Grant wins face-off versus Emile Poirier in Ice Caps zone.
Goals for this period are 0 for Ice Caps vs 0 for Falcons.
Shots for this period are 5 for Ice Caps vs 9 for Falcons.

Overtime #1


0:01 of 1st overtime period - Markus Granlund wins face-off versus Patrick Dwyer in neutral zone.
0:17 of 1st overtime period - Slapshot by Patrick Dwyer.
0:17 of 1st overtime period - Stopped by Christopher Gibson with a rebound.
0:19 of 1st overtime period - Snap shot by Patrick Dwyer.
0:19 of 1st overtime period - Stopped by Christopher Gibson without a rebound.
0:20 of 1st overtime period - Markus Granlund wins face-off versus Patrick Dwyer in Falcons zone.
0:46 of 1st overtime period - Snap shot by Patrick Dwyer.
0:46 of 1st overtime period - Shot Misses the Net.
1:35 of 1st overtime period - Penalty to Duncan Siemens is over, Duncan Siemens is back on ice.
1:58 of 1st overtime period - Snap shot by Tim Kennedy.
1:58 of 1st overtime period - Stopped by Christopher Gibson with a rebound.
2:00 of 1st overtime period - Slapshot by Bobby Sanguinetti.
2:00 of 1st overtime period - Deflect By Markus Granlund.
2:00 of 1st overtime period - Stopped by Christopher Gibson with a rebound.
2:02 of 1st overtime period - Snap shot by Paul Carey.
2:02 of 1st overtime period - Stopped by Christopher Gibson with a rebound.
2:04 of 1st overtime period - Slapshot by Paul Carey.
2:04 of 1st overtime period - Shot Misses the Net.
2:24 of 1st overtime period - Nathan Beaulieu is hit by Patrick Dwyer and loses puck.
2:31 of 1st overtime period - Wrist shot by Chris Conner.
2:31 of 1st overtime period - Stopped by Christopher Gibson with a rebound.
2:33 of 1st overtime period - Snap shot by Chris Conner.
2:33 of 1st overtime period - Stopped by Christopher Gibson with a rebound.
2:35 of 1st overtime period - Slapshot by Andrew Bodnarchuk.
2:35 of 1st overtime period - Stopped by Christopher Gibson with a rebound.
2:54 of 1st overtime period - Jacob De La Rose is hit by Tim Kennedy and loses puck.
3:26 of 1st overtime period - Paul Carey is hit by Colton Parayko and loses puck.
4:05 of 1st overtime period - Slapshot by Nathan Beaulieu.
4:05 of 1st overtime period - Deflect By Emile Poirier.
4:05 of 1st overtime period - Shot Blocked by Bobby Sanguinetti.
4:05 of 1st overtime period - Puck is out of play.
4:06 of 1st overtime period - Drayson Bowman wins face-off versus Patrick Dwyer in Ice Caps zone.
4:52 of 1st overtime period - Off-side.
4:53 of 1st overtime period - Dave Steckel wins face-off versus Patrick Dwyer in neutral zone.
Goals for this period are 0 for Ice Caps vs 0 for Falcons.
Shots for this period are 8 for Ice Caps vs 0 for Falcons.

ShootOut


5:00 of 1st overtime period - Penalty Shot by Patrick Dwyer for Ice Caps.
5:00 of 1st overtime period - Backhand shot by Patrick Dwyer.
5:00 of 1st overtime period - Stopped by Christopher Gibson.
5:00 of 1st overtime period - Penalty Shot by Markus Granlund for Falcons.
5:00 of 1st overtime period - Backhand shot by Markus Granlund.
5:00 of 1st overtime period - Stopped by Jeff Zatkoff.
5:00 of 1st overtime period - Penalty Shot by Paul Carey for Ice Caps.
5:00 of 1st overtime period - Backhand shot by Paul Carey.
5:00 of 1st overtime period - Stopped by Christopher Gibson.
5:00 of 1st overtime period - Penalty Shot by Jacob De La Rose for Falcons.
5:00 of 1st overtime period - Deke by Jacob De La Rose.
5:00 of 1st overtime period - Stopped by Jeff Zatkoff.
5:00 of 1st overtime period - Penalty Shot by Shawn Thornton for Ice Caps.
5:00 of 1st overtime period - Wrist shot by Shawn Thornton.
5:00 of 1st overtime period - Stopped by Christopher Gibson.
5:00 of 1st overtime period - Penalty Shot by Freddie Hamilton for Falcons.
5:00 of 1st overtime period - Snap shot by Freddie Hamilton.
5:00 of 1st overtime period - Stopped by Jeff Zatkoff.
5:00 of 1st overtime period - Penalty Shot by Chris Conner for Ice Caps.
5:00 of 1st overtime period - Wrist shot by Chris Conner.
5:00 of 1st overtime period - Shot Hit the Post.
5:00 of 1st overtime period - Penalty Shot by Joey Hishon for Falcons.
5:00 of 1st overtime period - Wrist shot by Joey Hishon.
5:00 of 1st overtime period - Stopped by Jeff Zatkoff.
5:00 of 1st overtime period - Penalty Shot by Bobby Sanguinetti for Ice Caps.
5:00 of 1st overtime period - Deke by Bobby Sanguinetti.
5:00 of 1st overtime period - Shot Misses the Net.
5:00 of 1st overtime period - Penalty Shot by Eric Tangradi for Falcons.
5:00 of 1st overtime period - Deke by Eric Tangradi.
5:00 of 1st overtime period - Goal by Eric Tangradi.